 Dungeon Crawl Stone Soup version bcrawl-1.39.1 (webtiles) character file.

Game seed: 15310674818121887134

449385 Finalfun the Deadly Accurate (level 15, -1/115 HPs)
             Began as a Demonspawn Abyssal Knight on Oct 1, 2023.
             Was a High Priest of Lugonu.
             Slain by Bai Suzhen (2 damage)
             ... on level 1 of the Swamp on Oct 2, 2023.
             The game lasted 01:42:36 (27650 turns).

Finalfun the Deadly Accurate (DsAK)                Turns: 27650, Time: 01:42:36

Health: -1/115     AC: 29    Str: 21    XL:     15   Next: 88%
Magic:  0/29       EV:  6    Int: 15    God:    Lugonu [*****.]
Gold:   2502       SH: 12    Dex: 14    Spells: 7/14 levels left

rFire    . . .     GDR:     34% L - +3 broad axe (elec)
rCold    + + .     Archmagi +   x - +0 medium shield
rNeg     . . .     SeeInvis +   K - +8 orange crystal plate armour {Archmagi, Int+3 Clar}
rPois    .         Gourm    .   (helmet unavailable)
rElec    +         Faith    +   Q - scarf {clouds}
rCorr    .         Spirit   +   V - +0 pair of gloves
MR       ++...     Reflect  .   (boots unavailable) Stlth ..........Clarity +
                                M - amulet of faith
HPRegen  0.29/turn              G - ring of Qebluas {rElec rC++ Stlth++}
MPRegen  0.42/turn              U - ring "Vyfeis" {rElec MR+ MP+9 Str+2 Stlth+}

@: studying Throwing
A: antennae 3, claws 2, hooves 3, low mp 1, powered by pain 2, magic shield,
magic regeneration, rot immunity
a: Depart the Abyss, Bend Space, Banish, Corrupt, Enter the Abyss, Renounce
Religion, Evoke Fog


You were on level 1 of the Swamp.
You worshipped Lugonu.
Lugonu was extremely pleased with you.
You were hungry.

You visited 3 branches of the dungeon, and saw 20 of its levels.
You visited the Abyss 1 time.
You also visited: Sewer, Ice Cave and Volcano.

You collected 2502 gold pieces.

Inventory:

Hand Weapons
 L - a +3 broad axe of electrocution (weapon)
Missiles
 a - 1676 steel javelins (quivered)
 c - 10 tomahawks of dispersal {=f}
 f - 2726 javelins
 m - 918 poisoned tomahawks
 E - 220 javelins of penetration {=f}
 N - 2 throwing nets {=f}
Armour
 x - a +0 medium shield (worn)
 K - the +8 orange crystal plate armour (worn) {Archmagi, Int+3 Clar}
   (Lugonu gifted it to you on level 6 of the Dungeon)

   It affects your intelligence (+3).
   It protects you against confusion.
 Q - a scarf of clouds (worn)
 V - a +0 pair of gloves (worn)
Jewellery
 p - an uncursed ring of resist corrosion
 D - an uncursed ring of protection from fire
 G - the ring of Qebluas (left hand) {rElec rC++ Stlth++}
   (You acquired it on level 2 of the Lair of Beasts)

   [ring of stealth]

   It greatly protects you from cold.
   It insulates you from electricity.
   It makes you much more stealthy.
 M - an amulet of faith (around neck)
 P - an uncursed ring of positive energy
 U - the ring "Vyfeis" (right hand) {rElec MR+ MP+9 Str+2 Stlth+}
   (You took it off a frost giant on level 9 of the Dungeon)

   [ring of magical power]

   It affects your strength (+2).
   It insulates you from electricity.
   It affects your resistance to hostile enchantments.
   It affects your magic capacity (+9).
   It makes you more stealthy.
Wands
 d - a wand of polymorph (20)
 h - a wand of acid (4)
 k - a wand of digging (6)
 l - a wand of clouds (6)
 v - a wand of charming (5)
 Y - a wand of iceblast (18)
Scrolls
 j - 7 scrolls of teleportation
 q - 11 scrolls of remove curse
 t - a scroll of fog
 y - a scroll of vulnerability
 z - 2 scrolls of immolation
 H - 2 scrolls of revelation
 S - a scroll of enchant armour
Potions
 b - 2 potions of ambrosia
 g - 4 potions of resistance
 n - 3 potions of cancellation
 o - 5 potions of lignification
 u - 4 potions of mutation
 w - 3 potions of flight
 A - 3 potions of brilliance
 B - 2 potions of might
 C - 2 potions of agility
 F - a potion of invisibility
 I - a potion of berserk rage
 J - a potion of haste
 O - 5 potions of heal wounds
 T - a potion of curing
 Z - 2 potions of magic
Miscellaneous
 R - a lightning rod (4/4)
 X - a lamp of fire (inert)
Comestibles
 e - 40 rations {!d}


   Skills:
 - Level 10.0 Fighting
   Level 1.7 Short Blades
 + Level 12.8 Axes
 + Level 15.1 Throwing
 - Level 10.0 Armour
 - Level 10.0 Dodging
 - Level 10.0 Shields
 - Level 10.0 Invocations
 - Level 5.0 Evocations


You had 7 spell levels left.
You knew the following spells:

 Your Spells              Type           Power        Failure   Level  Hunger
a - Regeneration          Chrm/Necr      #.........   100%        3    #####..
b - Swiftness             Chrm/Air       #.......     100%        2    ####...
c - Song of Slaying       Chrm           #.......     100%        2    ####...

Your spell library contained the following spells:

 Spells                   Type           Power        Failure   Level  Hunger
 Infusion                 Chrm           #.......     100%        1    None
 Necrotize                Necr           #.....       100%        1    None
 Sting                    Conj/Pois      #...         100%        1    None
 Sublimation of Blood     Necr           #.........   100%        2    ####...
 Ignite Poison            Fire/Tmut/Pois #.......     100%        3    #####..
 Ozocubu's Armour         Chrm/Ice       #.......     100%        3    #####..
 Spectral Weapon          Hex/Chrm       #.......     100%        3    #####..
 Vampiric Draining        Necr           #.........   100%        3    #####..
 Agony                    Necr           #.......     100%        4    ######.
 Animate Dead             Necr           N/A          100%        4    ######.
 Petrify                  Tmut/Erth      #.........   100%        4    ######.
 Sticky Flame             Conj/Fire      #.......     100%        4    ######.
 Dispel Undead            Necr           #.......     100%        5    #######
 Venom Bolt               Conj/Pois      #.........   100%        5    #######
 Iron Shot                Conj/Erth      #.........   100%        6    #######
 Ozocubu's Refrigeration  Ice            #.........   100%        6    #######
 Virulence                Hex/Pois       #.......     100%        6    #######
 Necromutation            Tmut/Necr      #.......     100%        8    #######


Dungeon Overview and Level Annotations

Branches:
Dungeon (12/12)            Temple (0/1) D:6            Lair (6/6) D:9
  Swamp (2/3) Lair:4       Spider (0/3) Lair:4          Orc (0/1) D:9
 Vaults (0/3) D:11         Forest (0/3) Lair:5       Depths (0/5) D:12

Altars:
Cheibriados
Dithmenos
Fedhas
Nemelex Xobeh
Qazlal
Sif Muna

Shops:
D:11 %

Annotations:
D:7 3 runed translucent doors, Finalfun's ghost, journeyman SDEE
Lair:1 2 transporters, Elkerch's ghost, journeyman HuHu
Lair:3 1 runed translucent door, Finalfun's ghost, journeyman MiFi
Lair:6 2 runed doors
Swamp:1 2 transporters, Bai Suzhen


Innate Abilities, Weirdness & Mutations

You have a pair of large antennae on your head. (SInv)
You have very sharp fingernails.
You have hooves in place of feet.
You sometimes gain power by taking damage.
When hurt, damage is shared between your health and your magic reserves.
You regenerate magic rapidly.
You are immune to rotting.
Your magical capacity is low. (-10% MP)


Message History

Space bends around you!
You blink.
You hear a roar!
Space bends around you!
You blink.
You hear a roar!
Space bends sharply around you!
Bai Suzhen blinks!
You blink.
Bai Suzhen bites you!!
* * * LOW HITPOINT WARNING * * *
You block Bai Suzhen's attack.
Bai Suzhen tramples you but does no damage.
Okay, then.
Space bends around you!
You blink.
The seven-headed hydra roars!
The cane toad gives a loud, deep croak!
The four-headed hydra roars!
Bai Suzhen is no longer berserk.
Bai Suzhen roars, "Even the heavens can't separate us forever!"
Bai Suzhen roars!
A violent storm begins to rage around Bai Suzhen.
Bai Suzhen bites you but does no damage.
Bai Suzhen claws you.
You die...

≈≈♣ ♣.≈.♣♣♣♣.≈≈≈≈...≈≈[♣♣ ♣.♣♣.♣
≈♣♣ ♣.≈≈♣ ♣≈≈§...≈....♣ ♣♣.♣.♣ .♣
♣≈≈≈♣ ♣♣≈.≈..≈≈.≈.♣ ♣...♣ .♣
♣♣≈≈.♣ ♣..≈.♣....♣♣ ♣♣♣.≈.♣ .♣
♣≈≈≈.♣ ♣..≈.♣♣..♣.♣♣♣...≈.♣ ♣♣
♣♣...♣♣ ♣♣≈≈......♣♣♣.≈≈♣≈.♣♣ ♣
♣..≈♣.♣ ♣≈≈≈♣≈≈.♣♣♣♣≈≈..≈≈.♣ ♣
♣♣.≈.♣♣ ♣§§§≈≈≈.♣♣♣≈..≈≈.≈≈♣ ♣
♣♣...♣♣♣♣♣♣§D@....≈≈≈≈≈≈≈≈.≈≈. ♣
♣..§...§..§§§§.....≈.≈≈.♣♣.≈.≈
♣♣♣♣.§..§#####§§.####...♣.♣≈♣♣≈.≈
≈♣......## #g#####© ###.......≈.≈
♣♣≈≈...## #.#.#.#.#.#♣##.≈.≈.≈.≈≈
§♣≈≈...# #D#D#.#.#. #iD#.§≈..≈♣..
♣♣♣≈≈≈.##F###.# # #.'{D#...≈.♣♣♣.
§.≈.≈..#.#.#.# #{.#{n#.≈≈.♣♣ ♣.
≈.≈≈≈..##.#.# #D####.....♣ ♣♣


You could see Bai Suzhen, a seven-headed hydra, a four-headed hydra, a cane toad
and a boggart.

Vanquished Creatures
  Rupert (Lair:4)
  2 thorn hunters
  A frost giant (D:9)
  2 green draconians (Swamp:1)
  Nessos (Lair:4)
  An ogre mage (D:11)
  13 hydras
  A catoblepas (D:11)
  5 two-headed ogres
  An anaconda (Lair:4)
  6 alligators
  2 dancing weapons (D:11)
  Sonja (Lair:1)
  2 tengu warriors (D:12)
  A sun demon (Volcano)
  A fire crab (shapeshifter) (D:12)
  2 centaur warriors
  4 cyclopes
  A spriggan druid (Swamp:1)
  4 swamp dragons (Swamp:1)
  3 wizards (D:12)
  An unseen horror (D:12)
  4 wolf spider zombies
  A lindwurm (Lair:6)
  A necromancer (D:12)
  2 orc sorcerers
  5 ugly things
  4 manticores
  An oklob plant (Lair:3)
  10 elephants
  2 ice statues (IceCv)
  Joseph (D:7)
  4 molten gargoyles
  4 black mambas
  15 cane toads
  An eye of draining (D:12)
  A kobold demonologist (D:8)
  3 efreet
  3 rime drakes
  12 komodo dragons
  2 tengu conjurers (D:11)
  3 red devils (Volcano)
  A harpy zombie (D:12)
  4 polar bears
  2 wolf spider simulacra (D:11)
  5 tyrant leeches
  A queen bee (D:9)
  A troll (D:11)
  5 harpy skeletons
  A hornet (Swamp:1)
  25 slime creatures
  A meliai zombie (D:11)
  23 blink frogs
  2 bog bodies (Swamp:2)
  6 dream sheep (Lair:6)
  12 hippogriffs
  2 spriggans
  A vampire (D:10)
  A shadow (D:11)
  5 basilisks
  4 fire bats (Volcano)
  2 wraiths
  4 wyverns (Lair:6)
  31 yaks
  2 hungry ghosts
  3 steam dragons
  6 vampire mosquitoes
  Menkaure (D:7)
  An acid dragon (D:11)
  12 crocodiles
  4 swamp worms (Swamp:1)
  11 water moccasins
  Duvessa (D:6)
  6 hell hounds
  2 hornet zombies
  8 porcupines
  3 black bears
  A soldier ant (D:9)
  8 ice beasts
  10 orc warriors
  6 sky beasts
  4 swamp drakes
  3 phantoms
  8 wolves
  7 ogres
  A necrophage (D:5)
  9 bullfrogs
  3 kobold brigands
  A wyvern zombie (D:6)
  A gnoll sergeant (D:9)
  8 centaurs
  Dowan (D:6)
  2 scorpions
  A water moccasin skeleton (D:5)
  32 killer bees
  6 wights
  A howler monkey (D:7)
  3 electric eels
  2 orc priests
  A bullfrog zombie (D:9)
  2 crimson imps
  11 lava snakes
  5 hounds
  4 jellies
  3 bullfrog skeletons
  4 iguanas
  8 orc wizards
  9 worker ants
  A hound skeleton (D:9)
  A mummy (D:7)
  A worker ant zombie (D:6)
  8 gnolls
  A howler monkey skeleton (D:5)
  2 river rats (Sewer)
  13 adders
  3 shadow imps
  12 white imps (D:11)
  An ooze (D:3)
  An adder skeleton (D:4)
  A worm (D:5)
  A dart slug (D:1)
  3 leopard geckos
  25 orcs
  10 giant cockroaches
  9 goblins
  8 hobgoblins
  4 jackals
  23 kobolds
  5 quokkas
  9 ball pythons
  6 bats
  3 frilled lizards
  A quokka skeleton (D:4)
  9 rats
  4 fungi
  3 plants (Lair:1)
667 creatures vanquished.

Vanquished Creatures (others)
  A deep troll earth mage (D:9)
  A rime drake (Lair:4)
  12 fungi
  22 plants
36 creatures vanquished.

Grand Total: 703 creatures vanquished

Notes
Turn   | Place    | Note
-------+----------+-------------------------------------------
     0 | Abyss:1  | Finalfun the Demonspawn Abyssal Knight began the quest for
                  | the Orb.
     0 | Abyss:1  | Reached XP level 1. HP: 18/18 MP: 2/2
    42 | Abyss:1  | Noticed a worldbinder
    44 | Abyss:1  | Noticed a small abomination
    48 | Abyss:1  | Noticed a swamp drake
    48 | Abyss:1  | Noticed a vampire mosquito
    80 | D:1      | Escaped the Abyss
    94 | D:1      | Reached skill level 1 in Throwing
    94 | D:1      | Reached skill level 1 in Dodging
   283 | D:1      | Gained mutation: You have a pair of small antennae on your
                  | head. [demonic ancestry]
   283 | D:1      | Reached XP level 2. HP: 15/24 MP: 4/4
   393 | D:1      | Reached skill level 1 in Axes
   716 | D:1      | Reached ** piety under Lugonu
   912 | D:1      | Gained mutation: You sometimes gain a little power by
                  | taking damage. [demonic ancestry]
   912 | D:1      | Reached XP level 3. HP: 12/29 MP: 5/5
  1877 | D:2      | Gained mutation: You sometimes gain power by taking damage.
                  | [demonic ancestry]
  1877 | D:2      | Reached XP level 4. HP: 16/35 MP: 6/6
  2538 | D:3      | Found a glowing drain.
  2548 | D:3      | Reached *** piety under Lugonu
  2561 | Sewer    | Entered a sewer
  2673 | Sewer    | Noticed a kobold brigand
  2691 | Sewer    | Killed a kobold brigand
  2692 | Sewer    | Gained mutation: You have large cloven feet. [demonic
                  | ancestry]
  2692 | Sewer    | Reached XP level 5. HP: 28/41 MP: 7/7
  2763 | Sewer    | Found a white marble altar of Elyvilon.
  3523 | D:3      | Reached skill level 5 in Axes
  3669 | D:4      | Reached XP level 6. HP: 33/47 MP: 8/8
  4234 | D:4      | Gained mutation: When hurt, damage is shared between your
                  | health and your magic reserves. [demonic ancestry]
  4234 | D:4      | Reached XP level 7. HP: 51/52 MP: 7/9
  4381 | D:4      | Found a shadowy altar of Dithmenos.
  4381 | D:4      | Found a sparkling altar of Nemelex Xobeh.
  4805 | D:4      | Reached **** piety under Lugonu
  4949 | D:5      | Entered Level 5 of the Dungeon
  5654 | D:5      | Gained mutation: You have hoof-like feet. [demonic
                  | ancestry]
  5654 | D:5      | Reached XP level 8. HP: 58/58 MP: 10/10
  5942 | D:6      | Noticed a komodo dragon
  5950 | D:6      | Killed a komodo dragon
  6102 | D:6      | Found a staircase to the Ecumenical Temple.
  6426 | D:6      | Reached skill level 10 in Axes
  6481 | D:6      | Noticed a hippogriff
  6483 | D:6      | Noticed a slime creature
  6491 | D:6      | Noticed Duvessa
  6491 | D:6      | Noticed Dowan
  6498 | D:6      | Killed Duvessa
  6501 | D:6      | Killed Dowan
  6501 | D:6      | Received a gift from Lugonu
  6502 | D:6      | Found the +8 orange crystal plate armour {Archmagi, Int+3
                  | Clar}
  6810 | D:6      | Gained mutation: You are immune to rotting. [demonic
                  | ancestry]
  6810 | D:6      | Reached XP level 9. HP: 54/63 MP: 9/11
  6833 | D:7      | Noticed Menkaure
  6839 | D:7      | Killed Menkaure
  6845 | D:7      | Found a snail-covered altar of Cheibriados.
  6938 | D:7      | Found a runed translucent gate.
  6938 | D:7      | Found a runed translucent gate.
  6941 | D:7      | Found a runed translucent gate.
  6945 | D:7      | Noticed Finalfun's ghost (journeyman SDEE)
  6945 | D:7      | Noticed a spectral wolf spider
  7021 | D:7      | Noticed Joseph
  7031 | D:7      | Killed Joseph
  7186 | D:7      | Noticed a komodo dragon
  7197 | D:7      | Killed a komodo dragon
  7210 | D:7      | Found a stormy altar of Qazlal.
  7429 | D:7      | Reached skill level 5 in Fighting
  7851 | D:8      | Reached skill level 5 in Armour
  7946 | D:8      | Gained mutation: You have hooves in place of feet. [demonic
                  | ancestry]
  7946 | D:8      | Reached XP level 10. HP: 71/76 MP: 10/12
  8068 | D:8      | Noticed a two-headed ogre
  8090 | D:8      | Killed a two-headed ogre
  8106 | D:8      | Noticed a two-headed ogre
  8118 | D:8      | Killed a two-headed ogre
  8292 | D:8      | Noticed a rust devil
  8320 | D:8      | Noticed a rust devil
  8356 | D:8      | Noticed a soul eater
  8626 | D:8      | Noticed a rust devil
  8629 | D:8      | Noticed a rust devil
  8802 | D:9      | Noticed a deep troll earth mage
  8803 | D:9      | Noticed a frost giant
  9078 | D:9      | Reached skill level 5 in Invocations
  9080 | D:9      | Gained mutation: You regenerate magic rapidly. [demonic
                  | ancestry]
  9080 | D:9      | Reached XP level 11. HP: 62/86 MP: 14/14
  9427 | D:9      | Identified Sif Muna's Compendium of Harmful Changing
  9523 | D:9      | Found a staircase to the Lair.
  9524 | D:9      | Identified the ring "Vyfeis" {rElec MR+ MP+9 Str+2 Stlth+}
  9651 | D:9      | Found a blossoming altar of Fedhas.
  9694 | D:9      | Received a gift from Lugonu
  9748 | D:9      | Banished a deep troll earth mage
  9949 | Lair:1   | Entered Level 1 of the Lair of Beasts
  9949 | Lair:1   | Found a transporter.
  9949 | Lair:1   | Noticed a five-headed hydra
  9949 | Lair:1   | Noticed Elkerch's ghost (journeyman HuHu)
  9949 | Lair:1   | Noticed Sonja
  9984 | Lair:1   | Killed Sonja
  9985 | Lair:1   | Reached skill level 2 in Throwing
  9985 | Lair:1   | Reached skill level 5 in Dodging
 10248 | Lair:1   | Received a gift from Lugonu
 10249 | Lair:1   | Got a pair of heavily runed gloves {god gift}
 10255 | Lair:1   | Identified the +2 pair of gloves of the Accordion {*Corrode
                  | rN++ Dex+3} (Lugonu gifted it to you on level 1 of the Lair
                  | of Beasts)
 10469 | Lair:1   | Reached skill level 3 in Throwing
 10469 | Lair:1   | Reached skill level 1 in Shields
 11187 | Lair:1   | Found a transporter.
 11188 | Lair:1   | Noticed an eight-headed hydra
 11210 | Lair:1   | Reached skill level 4 in Throwing
 11217 | Lair:1   | Killed an eight-headed hydra
 11681 | Lair:2   | Identified 2 scrolls of acquirement
 11681 | Lair:2   | Identified the ring of Qebluas {rElec rC++ Stlth++} (You
                  | acquired it on level 2 of the Lair of Beasts)
 11686 | Lair:2   | Identified the ring "Uwanlios" {*Slow rElec rC+ Dex+3} (You
                  | acquired it on level 2 of the Lair of Beasts)
 11724 | Lair:2   | Gained mutation: You have sharp fingernails. [demonic
                  | ancestry]
 11724 | Lair:2   | Reached XP level 12. HP: 75/95 MP: 17/17
 12038 | Lair:2   | Reached skill level 5 in Throwing
 12038 | Lair:2   | Reached skill level 1 in Evocations
 12704 | Lair:3   | Found a dark tunnel.
 12710 | Volcano  | Entered a volcano
 12905 | Volcano  | Found a radiant altar of Vehumet.
 13277 | Volcano  | Paralysed by an orc sorcerer for 4 turns
 13395 | Lair:3   | Reached skill level 6 in Throwing
 13615 | Lair:3   | Noticed a seven-headed hydra
 13685 | Lair:3   | Killed an eight-headed hydra
 14229 | Lair:3   | Reached skill level 10 in Fighting
 14249 | Lair:3   | Reached skill level 7 in Throwing
 14581 | Lair:3   | Found a runed translucent door.
 14584 | Lair:3   | Noticed Finalfun's ghost (journeyman MiFi)
 14584 | Lair:3   | Noticed an anaconda
 14882 | Lair:4   | Noticed an eight-headed hydra
 14899 | Lair:4   | Killed an eight-headed hydra
 14968 | Lair:4   | Found a staircase to the Swamp.
 14988 | Lair:4   | Gained mutation: You have very sharp fingernails. [demonic
                  | ancestry]
 14988 | Lair:4   | Reached XP level 13. HP: 103/103 MP: 18/18
 15003 | Lair:4   | Reached skill level 5 in Shields
 15143 | Lair:4   | Noticed Nessos
 15165 | Lair:4   | Killed Nessos
 15362 | Lair:4   | Received a gift from Lugonu
 15365 | Lair:4   | Reached skill level 8 in Throwing
 15494 | Lair:4   | Found a hole to the Spider Nest.
 15553 | Lair:4   | Reached skill level 5 in Evocations
 15841 | Lair:4   | Noticed Rupert
 15871 | Lair:4   | Killed Rupert
 16412 | Lair:4   | Reached skill level 9 in Throwing
 16730 | Lair:5   | Received a gift from Lugonu
 16836 | Lair:5   | Reached skill level 10 in Armour
 16836 | Lair:5   | Reached ***** piety under Lugonu
 16939 | Lair:5   | Found a staircase to the Spriggan Forest.
 17464 | Lair:6   | Entered Level 6 of the Lair of Beasts
 17485 | Lair:6   | Received a gift from Lugonu
 17486 | Lair:6   | Reached skill level 10 in Throwing
 17812 | Lair:6   | Received a gift from Lugonu
 17940 | Lair:6   | Gained mutation: You have a pair of antennae on your head.
                  | [demonic ancestry]
 17940 | Lair:6   | Reached XP level 14. HP: 109/110 MP: 17/19
 18254 | Lair:6   | Received a gift from Lugonu
 18670 | Lair:6   | Reached skill level 11 in Throwing
 19099 | Lair:6   | Found a large runed door.
 19100 | Lair:6   | Found a large runed door.
 20111 | D:9      | Killed a frost giant
 20258 | D:9      | Found a staircase to the Orcish Mines.
 20476 | D:10     | Entered Level 10 of the Dungeon
 21897 | D:11     | Found Xotoig's Food Emporium.
 22101 | D:11     | Found a shimmering blue altar of Sif Muna.
 22166 | D:11     | Received a gift from Lugonu
 22199 | D:11     | Found a frozen archway.
 22214 | IceCv    | Entered an ice cave
 22233 | IceCv    | Found a transporter.
 22257 | IceCv    | Found a transporter.
 22268 | IceCv    | Reached skill level 10 in Invocations
 22459 | D:11     | Reached skill level 12 in Throwing
 22467 | D:11     | Reached skill level 10 in Dodging
 22835 | D:11     | Got a fading war axe
 22903 | D:11     | Received a gift from Lugonu
 22988 | D:11     | Received a gift from Lugonu
 23176 | D:11     | Gained mutation: You have a pair of large antennae on your
                  | head. (SInv) [demonic ancestry]
 23176 | D:11     | Reached XP level 15. HP: 114/115 MP: 22/22
 23380 | D:11     | Found a gate to the Vaults.
 23475 | D:12     | Entered Level 12 of the Dungeon
 23515 | D:11     | Reached skill level 13 in Throwing
 23629 | D:12     | Received a gift from Lugonu
 23942 | D:12     | Reached ****** piety under Lugonu
 24019 | D:12     | Paralysed by a wizard for 3 turns
 24026 | D:12     | Paralysed by a wizard for 2 turns
 24031 | D:12     | Received a gift from Lugonu
 24237 | D:12     | Received a gift from Lugonu
 24274 | D:12     | Found a staircase to the Depths.
 24509 | Swamp:1  | Entered Level 1 of the Swamp
 25041 | Swamp:1  | Reached skill level 10 in Shields
 25524 | Swamp:1  | Reached skill level 14 in Throwing
 25637 | Swamp:1  | Noticed a thorn hunter
 25645 | Swamp:1  | Killed a thorn hunter
 26095 | Swamp:1  | Got a vibrating tin ring
 26100 | Swamp:1  | Identified the ring "Yxeom" {*Contam *Slow +Fly MR++
                  | Slay+6} (You found it on level 1 of the Swamp)
 26166 | Swamp:1  | Gained mutation: Your magical capacity is low. (-10% MP)
                  | [mutagenic glow]
 26243 | Swamp:1  | Noticed a wendigo
 26254 | Swamp:1  | Got a brightly glowing hunting sling
 26255 | Swamp:1  | Identified the +7 hunting sling of Efasonk {flame, rC+
                  | Str+2} (You found it on level 1 of the Swamp)
 26304 | Swamp:1  | Found a transporter.
 26557 | Swamp:1  | Learned a level 3 spell: Regeneration
 26560 | Swamp:1  | Learned a level 2 spell: Swiftness
 26563 | Swamp:1  | Learned a level 2 spell: Song of Slaying
 26687 | Swamp:2  | Reached skill level 15 in Throwing
 26814 | Swamp:2  | Noticed a thorn hunter
 26820 | Swamp:2  | Killed a thorn hunter
 26851 | Swamp:2  | Noticed Bai Suzhen
 27649 | Swamp:1  | Found a transporter.
 27649 | Swamp:1  | HP: 3/115 [Bai Suzhen (15)]
 27650 | Swamp:1  | Slain by Bai Suzhen

Skill      XL: |  1  2  3  4  5  6  7  8  9 10 11 12 13 14 15 |
---------------+----------------------------------------------+-----
Throwing       | 1 4 7 10 12 15 | 15.1
Dodging        | 1 4 5 7 8 10 | 10.0
Armour         | 2 5 7 8 9 10 | 10.0
Invocations    | 3 5 7 10 | 10.0
Axes           | 2 3 4 5 6 8 10 11 12 | 12.8
Fighting       | 6 8 9 10 | 10.0
Shields        | 2 4 7 9 10 | 10.0
Evocations     | 4 5 |  5.0
Short Blades   | |  1.7

Action                   |  1- 3 |  4- 6 |  7- 9 | 10-12 | 13-15 || total
-------------------------+-------+-------+-------+-------+-------++-------
Melee: Battleaxe         |   212 |   161 |       |       |       ||   373
       Kick              |       |    23 |    24 |   156 |   333 ||   536
       War axe           |       |    32 |   236 |   649 |   648 ||  1565
       Broad axe         |       |       |       |       |   348 ||   348
Throw: Stone             |    25 |    38 |       |       |       ||    63
       Tomahawk          |       |     4 |    57 |   182 |   251 ||   494
       Javelin           |       |       |       |       |   259 ||   259
Invok: Bend Space        |       |     1 |     4 |    23 |    39 ||    67
       Banish            |       |       |       |     1 |     1 ||     2
Evoke: Wand              |     2 |     3 |     1 |     3 |    10 ||    19
       Lightning rod     |       |       |       |       |     4 ||     4
       Lamp of fire      |       |       |       |       |     1 ||     1
  Use: Scroll            |     3 |     2 |     6 |    14 |    25 ||    50
       Potion            |       |       |       |     4 |       ||     4
 Stab: Confused          |       |       |     1 |       |       ||     1
  Eat: Chunk             |    10 |    14 |    23 |    30 |    60 ||   137
       Ration            |     1 |       |     1 |     5 |     8 ||    15
Armor: Ring mail         |   128 |    98 |    21 |       |       ||   247
       Crystal plate arm |       |       |   175 |   564 |   956 ||  1695
       Skin              |       |       |       |    67 |       ||    67
Dodge: Dodged            |   151 |   133 |    52 |    77 |   194 ||   607
Block: Medium shield     |       |       |       |   170 |   687 ||   857
